TOP OF THE 1ST |
Oregon State University Beavers batting - Pitching for University of Miami Hurricanes : RHP Raymilson La Arena
|
Pitching: RHP Raymilson La Arena
|
|
Batting: LHB Sun-wei Kuai
|
0-0: Fly out, F7 (Line Drive, 7, EV 91.9 MPH)
|
Batting: RHB Rafael Ventura
|
0-0: Foul Ball, location: 2F 0-1: Called Strike 0-2: Ground out U3 (Groundball, 34, EV 87.5 MPH)
|
Batting: RHB Luis Flores
|
0-0: Called Strike 0-1: Foul Ball, location: 2F 0-2: Strikes out swinging
|
Top of the 1st over - 0 runs, 0 hits, 0 errors, 0 left on base; Oregon State University 0 - University of Miami 0 |
BOTTOM OF THE 1ST |
University of Miami Hurricanes batting - Pitching for Oregon State University Beavers : RHP Willie Lopez
|
Pitching: RHP Willie Lopez
|
|
Batting: LHB Juan Zuniga
|
0-0: Called Strike 0-1: DOUBLE (Line Drive, 9LM, EV 102.5 MPH)
|
Batting: RHB Danny Gallardo
|
0-0: Ball 1-0: Ball 2-0: Called Strike 2-1: Ball 3-1: Fly out, F8 (Flyball, 8LXD, EV 108.1 MPH) Runner from 2nd tags up, SAFE at 3rd, no throw by CF
|
Batting: RHB Burke Miller
|
0-0: Ball 1-0: Ball 2-0: Ball 3-0: Base on Balls
|
Batting: LHB Hector Salazar
|
0-0: Ball 1-0: Called Strike 1-1: Called Strike 1-2: TRIPLE (Flyball, 8LXD, EV 88.1 MPH) Juan Zuniga scores Burke Miller scores
|
Batting: RHB Chris Zubia
|
0-0: Called Strike 0-1: Foul Ball, location: 2F 0-2: Ball 1-2: Ball 2-2: Ball Balk! Hector Salazar scores 3-2: DOUBLE (Flyball, 78XD, EV 94.4 MPH)
|
Batting: SHB Taylor Shelton
|
0-0: Ball 1-0: Foul Ball, location: 2F 1-1: Ball 2-1: Foul Ball, location: 2F 2-2: Ground out 6-3 (Groundball, 56, EV 107.5 MPH)
|
Batting: LHB Brian Woods
|
0-0: Ball 1-0: Swinging Strike 1-1: Swinging Strike 1-2: Strikes out looking
|
Bottom of the 1st over - 3 runs, 3 hits, 0 errors, 1 left on base; Oregon State University 0 - University of Miami 3 |
TOP OF THE 2ND |
Oregon State University Beavers batting - Pitching for University of Miami Hurricanes : RHP Raymilson La Arena
|
Batting: RHB Steve Webb
|
0-0: Ball 1-0: Ball 2-0: Called Strike 2-1: Swinging Strike 2-2: Foul Ball, location: 2F 2-2: Ball 3-2: Base on Balls
|
Batting: RHB Oscar Munoz
|
0-0: Fielders Choice at 2nd, 1-6 (Groundball, 13, EV 62.5 MPH)
|
Batting: RHB Yasuyuki Moriyama
|
0-0: Foul Ball, location: 2F 0-1: Foul Ball, location: 2F 0-2: DOUBLE (Groundball, 5L, EV 107.5 MPH) Oscar Munoz to third
|
Batting: LHB Jason Trevarrow
|
0-0: Foul Ball, location: 2F 0-1: Foul Ball, location: 2F 0-2: Strikes out swinging
|
Batting: LHB Jon Hamilton
|
0-0: Foul Ball, location: 2F 0-1: Swinging Strike 0-2: Ball 1-2: Ball 2-2: Strikes out swinging
|
Top of the 2nd over - 0 runs, 1 hit, 0 errors, 2 left on base; Oregon State University 0 - University of Miami 3 |
BOTTOM OF THE 2ND |
University of Miami Hurricanes batting - Pitching for Oregon State University Beavers : RHP Willie Lopez
|
Batting: RHB Justin Jackson
|
0-0: Called Strike 0-1: Foul Ball, location: 2F 0-2: Foul Ball, location: 2F 0-2: Ball 1-2: Strikes out swinging
|
Batting: LHB Addergoole Kartosuwiryo
|
0-0: Ball 1-0: Ball 2-0: Foul Ball, location: 2F 2-1: Fly out, F8 (Flyball, 8LD, EV 106.2 MPH)
|
Batting: LHB Juan Zuniga
|
0-0: Ball 1-0: Ball 2-0: Ball 3-0: Called Strike 3-1: SINGLE (Groundball, 6MS, EV 70.0 MPH) (infield hit)
|
Batting: RHB Danny Gallardo
|
0-0: Ball Juan Zuniga is caught stealing 2nd base 2-4
|
Bottom of the 2nd over - 0 runs, 1 hit, 0 errors, 0 left on base; Oregon State University 0 - University of Miami 3 |
TOP OF THE 3RD |
Oregon State University Beavers batting - Pitching for University of Miami Hurricanes : RHP Raymilson La Arena
|
Batting: SHB Sosaia Apelahama
|
0-0: Swinging Strike 0-1: Ball 1-1: Ball 2-1: Ground out 6-3 (Groundball, 6M, EV 84.4 MPH)
|
Batting: LHB Sun-wei Kuai
|
0-0: Ball 1-0: Ground out U3 (Groundball, 3S, EV 88.8 MPH)
|
Batting: RHB Rafael Ventura
|
0-0: Called Strike 0-1: Swinging Strike 0-2: Ground out 3-1 (Groundball, 34, EV 102.5 MPH)
|
Top of the 3rd over - 0 runs, 0 hits, 0 errors, 0 left on base; Oregon State University 0 - University of Miami 3 |
BOTTOM OF THE 3RD |
University of Miami Hurricanes batting - Pitching for Oregon State University Beavers : RHP Willie Lopez
|
Batting: RHB Danny Gallardo
|
0-0: Ground out 6-3 (Groundball, 6S, EV 70.0 MPH)
|
Batting: RHB Burke Miller
|
0-0: Ball 1-0: Foul Ball, location: 2F 1-1: Swinging Strike 1-2: Fly out, F9 (Flyball, 9, EV 83.8 MPH)
|
Batting: LHB Hector Salazar
|
0-0: Reached on error, E5 (Groundball, 56S, EV 87.5 MPH)
|
Batting: RHB Chris Zubia
|
0-0: Ball Hector Salazar is caught stealing 2nd base 2-4
|
Bottom of the 3rd over - 0 runs, 0 hits, 1 error, 0 left on base; Oregon State University 0 - University of Miami 3 |
TOP OF THE 4TH |
Oregon State University Beavers batting - Pitching for University of Miami Hurricanes : RHP Raymilson La Arena
|
Batting: RHB Luis Flores
|
0-0: Ball 1-0: Fly out, F7 (Flyball, 78D, EV 94.4 MPH)
|
Batting: RHB Steve Webb
|
0-0: Called Strike 0-1: Ball 1-1: Ball 2-1: Foul Ball, location: 2F 2-2: Ball 3-2: SOLO HOME RUN (Flyball, 78XD, EV 98.1 MPH), Distance : 399 ft
|
Batting: RHB Oscar Munoz
|
0-0: Ball 1-0: Swinging Strike 1-1: Foul Ball, location: 2F 1-2: Ball 2-2: Ball 3-2: Strikes out swinging, 2-3 out at first.
|
Batting: RHB Yasuyuki Moriyama
|
0-0: Called Strike 0-1: Ball 1-1: Foul Ball, location: 2F 1-2: Foul Ball, location: 2F 1-2: Ball 2-2: Ball 3-2: Strikes out looking
|
Top of the 4th over - 1 run, 1 hit, 0 errors, 0 left on base; Oregon State University 1 - University of Miami 3 |
BOTTOM OF THE 4TH |
University of Miami Hurricanes batting - Pitching for Oregon State University Beavers : RHP Willie Lopez
|
Batting: RHB Chris Zubia
|
0-0: Ball 1-0: Called Strike 1-1: Foul Ball, location: 2F 1-2: Ball 2-2: Ball 3-2: SINGLE (Groundball, 34D, EV 101.2 MPH)
|
Batting: SHB Taylor Shelton
|
0-0: Called Strike 0-1: Ball 1-1: Ball 2-1: Foul Ball, location: 2F 2-2: Ball 3-2: Fielders Choice at 2nd, 6-4 (Groundball, 6, EV 88.1 MPH)
|
Batting: LHB Brian Woods
|
0-0: Ball Taylor Shelton is caught stealing 2nd base 2-6 1-0: Foul Ball, location: 2F 1-1: Ball 2-1: TRIPLE (Line Drive, 89XD, EV 108.8 MPH)
|
Batting: RHB Justin Jackson
|
0-0: Ball 1-0: Foul Ball, location: 2F 1-1: Ball 2-1: Ball 3-1: Base on Balls
|
Batting: LHB Addergoole Kartosuwiryo
|
0-0: Called Strike 0-1: Ball 1-1: Foul Ball, location: 2F 1-2: Strikes out swinging
|
Bottom of the 4th over - 0 runs, 2 hits, 0 errors, 2 left on base; Oregon State University 1 - University of Miami 3 |
TOP OF THE 5TH |
Oregon State University Beavers batting - Pitching for University of Miami Hurricanes : RHP Raymilson La Arena
|
Batting: LHB Jason Trevarrow
|
0-0: Swinging Strike 0-1: Ball 1-1: Called Strike 1-2: Ball 2-2: SINGLE (Line Drive, 6M, EV 101.2 MPH)
|
Batting: LHB Jon Hamilton
|
0-0: Ball 1-0: Ball 2-0: Fly out, F9 (Flyball, 89D, EV 86.2 MPH)
|
Batting: SHB Sosaia Apelahama
|
0-0: Called Strike 0-1: Ball 1-1: Ball 2-1: Foul Ball, location: 2F 2-2: Strikes out swinging
|
Batting: LHB Sun-wei Kuai
|
0-0: Swinging Strike 0-1: Foul Ball, location: 2F 0-2: Strikes out looking
|
Top of the 5th over - 0 runs, 1 hit, 0 errors, 1 left on base; Oregon State University 1 - University of Miami 3 |
BOTTOM OF THE 5TH |
University of Miami Hurricanes batting - Pitching for Oregon State University Beavers : RHP Willie Lopez
|
Batting: LHB Juan Zuniga
|
0-0: Ball 1-0: Foul Ball, location: 2F 1-1: Ball 2-1: Foul Ball, location: 2F 2-2: Strikes out swinging
|
Pitching: RHP Bill Vadeboncoeur
|
|
Batting: RHB Danny Gallardo
|
0-0: Ball 1-0: DOUBLE (Line Drive, 7LS, EV 105.6 MPH)
|
Batting: RHB Burke Miller
|
0-0: Called Strike 0-1: Ground out 4-3 (Groundball, 34, EV 96.9 MPH) Danny Gallardo to third
|
Batting: LHB Hector Salazar
|
0-0: Ball 1-0: Called Strike 1-1: Foul Ball, location: 2F 1-2: Strikes out swinging, 2-3 out at first.
|
Bottom of the 5th over - 0 runs, 1 hit, 0 errors, 1 left on base; Oregon State University 1 - University of Miami 3 |
TOP OF THE 6TH |
Oregon State University Beavers batting - Pitching for University of Miami Hurricanes : RHP Raymilson La Arena
|
Batting: RHB Rafael Ventura
|
0-0: Ball 1-0: Foul Ball, location: 2F 1-1: Foul Ball, location: 2F 1-2: Foul Ball, location: 2F 1-2: Ground out 5-3 (Groundball, 56, EV 109.4 MPH)
|
Pitching: RHP Kieran Jesso
|
|
Batting: RHB Luis Flores
|
0-0: Ball 1-0: SOLO HOME RUN (Flyball, 89XD, EV 97.5 MPH), Distance : 379 ft
|
Batting: RHB Steve Webb
|
0-0: Foul Ball, location: 2F 0-1: Ball 1-1: Ground out 4-3 (Groundball, 4, EV 83.1 MPH)
|
Batting: RHB Oscar Munoz
|
0-0: Ball 1-0: Ball 2-0: Ground out 5-3 (Groundball, 56, EV 81.9 MPH)
|
Top of the 6th over - 1 run, 1 hit, 0 errors, 0 left on base; Oregon State University 2 - University of Miami 3 |
BOTTOM OF THE 6TH |
University of Miami Hurricanes batting - Pitching for Oregon State University Beavers : RHP Bill Vadeboncoeur
|
Batting: RHB Chris Zubia
|
0-0: Fly out, F8 (Flyball, 8RD, EV 93.1 MPH)
|
Batting: SHB Taylor Shelton
|
0-0: Called Strike 0-1: Ball 1-1: Called Strike 1-2: Ball 2-2: Ball 3-2: SINGLE (Groundball, 34S, EV 70.6 MPH) (infield hit)
|
Batting: LHB Brian Woods
|
0-0: Called Strike 0-1: Foul Ball, location: 2F 0-2: Foul Ball, location: 2F 0-2: Ball 1-2: Ball 2-2: Fly out, F7 (Flyball, 7, EV 88.1 MPH)
|
Batting: RHB Justin Jackson
|
0-0: Ball 1-0: Ball 2-0: Ball 3-0: Called Strike 3-1: Called Strike 3-2: Strikes out swinging
|
Bottom of the 6th over - 0 runs, 1 hit, 0 errors, 1 left on base; Oregon State University 2 - University of Miami 3 |
TOP OF THE 7TH |
Oregon State University Beavers batting - Pitching for University of Miami Hurricanes : RHP Kieran Jesso
|
Batting: RHB Yasuyuki Moriyama
|
0-0: Ground out 6-3 (Groundball, 56, EV 88.8 MPH)
|
Batting: LHB Jason Trevarrow
|
0-0: SINGLE (Line Drive, 8LS, EV 99.4 MPH)
|
Batting: LHB Jon Hamilton
|
0-0: Foul Ball, location: 2F 0-1: Swinging Strike 0-2: Foul Ball, location: 2F 0-2: Fielders Choice at 2nd, 6-4 (Groundball, 6M, EV 94.4 MPH)
|
Batting: SHB Sosaia Apelahama
|
0-0: Ball 1-0: Called Strike 1-1: Called Strike 1-2: Ball 2-2: Strikes out swinging
|
Top of the 7th over - 0 runs, 1 hit, 0 errors, 1 left on base; Oregon State University 2 - University of Miami 3 |
BOTTOM OF THE 7TH |
University of Miami Hurricanes batting - Pitching for Oregon State University Beavers : RHP Bill Vadeboncoeur
|
Pitching: LHP Fraser Braddock
|
|
Batting: LHB Addergoole Kartosuwiryo
|
0-0: Called Strike 0-1: Ball 1-1: Swinging Strike 1-2: Ball 2-2: Strikes out swinging
|
Batting: LHB Juan Zuniga
|
0-0: Foul Ball, location: 2F 0-1: SINGLE (Line Drive, 4D, EV 95.0 MPH)
|
Batting: RHB Danny Gallardo
|
0-0: Foul Ball, location: 2F 0-1: Ball 1-1: Called Strike 1-2: Strikes out swinging
|
Batting: RHB Burke Miller
|
0-0: Ball Juan Zuniga steals 2nd base 1-0: Ball 2-0: Ball 3-0: Base on Balls
|
Batting: LHB Hector Salazar
|
0-0: Ground out 6-3 (Groundball, 6MS, EV 74.4 MPH)
|
Bottom of the 7th over - 0 runs, 1 hit, 0 errors, 2 left on base; Oregon State University 2 - University of Miami 3 |
TOP OF THE 8TH |
Oregon State University Beavers batting - Pitching for University of Miami Hurricanes : RHP Kieran Jesso
|
Pitching: LHP Ryan Hosken
|
|
Batting: LHB Sun-wei Kuai
|
0-0: Fly out, F8 (Flyball, 8RM, EV 90.0 MPH)
|
Pitching: RHP Artemio Santiago
|
|
Batting: RHB Rafael Ventura
|
0-0: Called Strike 0-1: SINGLE (Groundball, 6S, EV 65.6 MPH) (infield hit)
|
Batting: RHB Luis Flores
|
0-0: Ball 1-0: Called Strike 1-1: 2-RUN HOME RUN (Flyball, 7D, EV 102.5 MPH), Distance : 403 ft
|
Batting: RHB Steve Webb
|
0-0: Ball 1-0: SOLO HOME RUN (Flyball, 7LD, EV 90.6 MPH), Distance : 332 ft
|
Pitching: LHP Bill Judd
|
|
Batting: RHB Oscar Munoz
|
0-0: Foul Ball, location: 2F 0-1: Called Strike 0-2: Ball 1-2: Foul Ball, location: 2F 1-2: Ground out 5-3 (Groundball, 56, EV 82.5 MPH)
|
Batting: RHB Yasuyuki Moriyama
|
0-0: Ball 1-0: Ball 2-0: Foul Ball, location: 2F 2-1: Foul Ball, location: 2F 2-2: Foul Ball, location: 2F 2-2: Ball 3-2: Fly out, F7 (Flyball, 7, EV 84.4 MPH)
|
Top of the 8th over - 3 runs, 3 hits, 0 errors, 0 left on base; Oregon State University 5 - University of Miami 3 |
BOTTOM OF THE 8TH |
University of Miami Hurricanes batting - Pitching for Oregon State University Beavers : LHP Fraser Braddock
|
Batting: RHB Chris Zubia
|
0-0: Called Strike 0-1: Ball 1-1: Ball 2-1: Called Strike 2-2: Strikes out swinging
|
Batting: SHB Taylor Shelton
|
0-0: Foul Ball, location: 2F 0-1: Ball 1-1: Ball 2-1: Foul Ball, location: 2F 2-2: Ball 3-2: Fly out, F7 (Flyball, 7S, EV 94.4 MPH)
|
Batting: LHB Brian Woods
|
0-0: Ball 1-0: Ball 2-0: Ball 3-0: Base on Balls
|
Pitching: RHP Josh Palmquist
|
|
Batting: RHB Justin Jackson
|
0-0: SINGLE (Groundball, 56D, EV 103.1 MPH) Brian Woods to second
|
Batting: LHB Addergoole Kartosuwiryo
|
0-0: Ball 1-0: Ball 2-0: Foul Ball, location: 2F 2-1: Ball 3-1: SINGLE (Line Drive, 3D, EV 95.6 MPH) Brian Woods to third Justin Jackson to second Runner from 3rd tries for Home, SAFE, throw by RF to home
|
Batting: LHB Juan Zuniga
|
0-0: Called Strike 0-1: Ball 1-1: Ball 2-1: Foul Ball, location: 2F 2-2: Ball 3-2: Strikes out looking
|
Bottom of the 8th over - 1 run, 2 hits, 0 errors, 2 left on base; Oregon State University 5 - University of Miami 4 |
TOP OF THE 9TH |
Oregon State University Beavers batting - Pitching for University of Miami Hurricanes : LHP Bill Judd
|
Pitching: RHP Matt Pepin
|
|
Batting: LHB Jason Trevarrow
|
0-0: Called Strike 0-1: Ball 1-1: Foul Ball, location: 2F 1-2: Foul Ball, location: 2F 1-2: Ball 2-2: Strikes out swinging
|
Batting: LHB Jon Hamilton
|
0-0: SOLO HOME RUN (Flyball, 9LD, EV 92.5 MPH), Distance : 353 ft
|
Batting: SHB Sosaia Apelahama
|
0-0: Called Strike 0-1: Ball 1-1: Ball 2-1: Ball 3-1: Foul Ball, location: 2F 3-2: Foul Ball, location: 2F 3-2: Strikes out swinging
|
Batting: LHB Sun-wei Kuai
|
0-0: Swinging Strike 0-1: Foul Ball, location: 2F 0-2: Strikes out swinging
|
Top of the 9th over - 1 run, 1 hit, 0 errors, 0 left on base; Oregon State University 6 - University of Miami 4 |
BOTTOM OF THE 9TH |
University of Miami Hurricanes batting - Pitching for Oregon State University Beavers : RHP Josh Palmquist
|
Pitching: RHP Sun-dong Pak
|
|
Batting: RHB Danny Gallardo
|
0-0: Foul Ball, location: 2F 0-1: Swinging Strike 0-2: Foul Ball, location: 2F 0-2: Ground out 6-3 (Groundball, 6, EV 81.2 MPH)
|
Batting: RHB Burke Miller
|
0-0: SOLO HOME RUN (Flyball, 7D, EV 92.5 MPH), Distance : 351 ft
|
Batting: LHB Hector Salazar
|
0-0: Foul Ball, location: 2F 0-1: Ball 1-1: Ball 2-1: Ball 3-1: Called Strike 3-2: Foul Ball, location: 2F 3-2: Base on Balls
|
Batting: RHB Chris Zubia
|
0-0: Foul Ball, location: 2F 0-1: Foul Ball, location: 2F 0-2: Strikes out swinging
|
Batting: SHB Taylor Shelton
|
0-0: Ball 1-0: Ball 2-0: Swinging Strike 2-1: Foul Ball, location: 2F 2-2: Foul Ball, location: 2F 2-2: Foul Ball, location: 2F 2-2: Foul Ball, location: 2F 2-2: Foul Ball, location: 2F 2-2: Ball 3-2: Foul Ball, location: 2F 3-2: Strikes out looking
|
Bottom of the 9th over - 1 run, 1 hit, 0 errors, 1 left on base; Oregon State University 6 - University of Miami 5 |
|